 Dungeon Crawl Stone Soup version 0.29.0-4-gdea44cf6ec (webtiles) character file.

Game seed: 5493706676103052339

193 qw the Chopper (level 5, -3/26 (30) HPs)
             Began as a Tengu Warper on Aug 28, 2022.
             Was an Initiate of Okawaru.
             Slain by a wight
             ... wielding a +0 long sword
              (6 damage)
             ... on level 4 of the Dungeon.
             The game lasted 00:00:20 (3622 turns).

qw the Chopper (Tengu Warper)                       Turns: 3622, Time: 00:00:21

HP:   -3/26 (30)    AC:  7    Str: 14    XL:     5   Next: 72%
MP:   9/9           EV: 11    Int: 13    God:    Okawaru [......]
Gold: 166           SH:  0    Dex: 13    Spells: 8/8 levels left

rFire   . . .      SeeInvis .   Y - +0 war axe
rCold   . . .      Faith    .   (no shield)
rNeg    . . .      Spirit   .   j - +0 scale mail
rPois   .          Reflect  .   (helmet restricted)
rElec   .          Harm     .   (no cloak)
rCorr   .          Rampage  .   c - +0 pair of gloves
Will    .....                   (boots unavailable)
Stlth   ..........              (no amulet)
HPRegen 0.08/turn               (no ring)
MPRegen 0.11/turn               (no ring)

@: about to teleport, flying quickly and evasively, heavily drained, quick
A: beak, talons 3, nimble flight
a: Renounce Religion


You were on level 4 of the Dungeon.
You worshipped Okawaru.
Okawaru was noncommittal.
You visited 2 branches of the dungeon, and saw 5 of its levels.

You collected 254 gold pieces.
You spent 88 gold pieces at shops.


Innate Abilities, Weirdness & Mutations

You have a beak for a mouth.
You have claws for feet.
Your magical nature lets you fly swiftly and evasively.


   Skills:
 - Level 2.0 Fighting
 + Level 6.3 Axes
 - Level 1.0 Throwing
 - Level 1.1 Armour
 - Level 2.1 Dodging
 - Level 2.0 Spellcasting
 - Level 2.4 Translocations


You had 8 spell levels left.
You didn't know any spells.
Your spell library contained the following spells:

 Spells                   Type           Power      Damage    Failure   Level
 Blink                    Tloc           14%        N/A       54%         2
 Gell's Gravitas          Tloc           7%         N/A       77%         3
 Lesser Beckoning         Tloc           7%         N/A       77%         3
 Teleport Other           Tloc           7%         N/A       77%         3
 Manifold Assault         Tloc           7%         N/A       100%        5

Inventory:

Hand Weapons
 h - a +3 flail
 Y - a +0 war axe (weapon)
Missiles
 b - 2 silver boomerangs (quivered)
 i - 6 boomerangs
Armour
 c - a +0 pair of gloves (worn)
 j - a +0 scale mail (worn)
Scrolls
 e - a scroll of teleportation
Potions
 a - a potion of magic {unknown}
 d - a potion of heal wounds
 f - a potion of degeneration {unknown}
 g - a potion of ambrosia {unknown}
 k - a potion of attraction {unknown}
 l - a potion of curing {unknown}

Dungeon Overview and Level Annotations

Branches:
Dungeon (4/15)             Temple (1/1) D:4

Altars:
Ashenzari
Cheibriados
Dithmenos
Elyvilon
Hepliaklqana
Kikubaaqudgha
Nemelex Xobeh
Okawaru
Qazlal
Sif Muna
Trog
Uskayaw
Vehumet
Wu Jian
Xom
Yredelemnul
Zin
The Shining One

Shops:
D:2 *   D:3 (


Message History

HP restored.
Found an escape hatch in the floor.
You see here a +0 dagger.
Found a stone staircase leading up.
Enter note:
Enter note:
Enter note: You now have 166 gold pieces (gained 9). 2 wights come into view.
Enter note:
Enter note:
Enter note:
Enter note:
3614 ||| Stepping ~*~*~tactically~*~*~ (stealth).
You hit the wight. You claw the wight.
The wight is lightly damaged.
The wight hits you with a +2 flail!
You feel drained.
You slash the wight! You claw the wight, but do no damage.
The wight is severely damaged.
The wight completely misses you.
You hit the wight. Your kick misses the wight.
The wight is severely damaged.
The wight hits you with a +2 flail.
You completely miss the wight. You claw the wight, but do no damage.
The wight is severely damaged.
The wight hits you with a +2 flail.
You feel drained.
You hit the wight but do no damage.
The wight is severely damaged.
The wight hits you with a +2 flail.
You feel drained.
You hit the wight. You claw the wight, but do no damage.
The wight is almost destroyed.
You barely miss the wight. The wight hits you with a +2 flail.
You feel drained. The wight barely misses you. The wight misses you.
The wight completely misses you.
3622 ||| READING 2 scrolls of teleportation.
As you read the scroll of teleportation, it crumbles to dust.
You feel strangely unstable.
The wight hits you with a +0 long sword.
You die...

#### ... ...## ...
....## .. .....# ##.#
.....# #.. .....# # #.#
....########.#####.###
...............z.....#
.....#######.#.z@###.##
.....#### #.### #..#
...)....##z #. ##.#
..).###.... . #.#
...#...(... .z#######.#
. ##...#####
z#......#..# .. ##.###
.. #...###.... ##.#
##........> ...# #.#
#.###.....


You could see 2 wights.

Vanquished Creatures
  A wight (D:4)
  A hound (D:4)
  3 adders
  3 worms
  A dart slug (D:2)
  4 orcs
  7 ball pythons
  8 bats
  4 endoplasms
  5 giant cockroaches
  6 goblins
  5 hobgoblins
  8 kobolds
  6 quokkas
  A frilled lizard (D:3)
  2 rats
65 creatures vanquished.

Notes
Turn   | Place    | Note
-------+----------+-------------------------------------------
     0 | D:1      | qw the Tengu Warper began the quest for the Orb.
     0 | D:1      | Reached XP level 1. HP: 12/12 MP: 4/4
     0 | D:1      | 0 ||| qw: Version: 0.1-a-89-g26bdef1
     0 | D:1      | 0 ||| qw: Game counter: 1787
     0 | D:1      | 0 ||| qw: Always use a shield: true
     0 | D:1      | 0 ||| qw: God list: Okawaru
     0 | D:1      | 0 ||| qw: Allow faded altars: false
     0 | D:1      | 0 ||| qw: Do Orc after D:15 true
     0 | D:1      | 0 ||| qw: Do second Lair branch before Depths: true
     0 | D:1      | 0 ||| qw: Lair rune preference: random
     0 | D:1      | 0 ||| qw: Plans: Normal
     0 | D:1      | 0 ||| PLANNING D:1-11
    84 | D:1      | 84 ||| SWAPPING to +0 war axe.
   103 | D:1      | 103 ||| Stepping ~*~*~tactically~*~*~ (stealth).
   293 | D:1      | 293 ||| DROPPING +0 hand axe.
   443 | D:1      | Reached skill level 3 in Axes
   443 | D:1      | Reached XP level 2. HP: 17/17 MP: 6/6
   483 | D:1      | Found a faded altar of an unknown god.
   484 | D:1      | 484 ||| UPGRADING to +0 ring mail.
   501 | D:1      | 501 ||| UPGRADING to +0 ring mail.
   511 | D:1      | 511 ||| DROPPING +0 leather armour.
   512 | D:1      | Noticed a golden eye
   520 | D:1      | Noticed an eye of devastation
   520 | D:1      | Noticed a shining eye
   520 | D:1      | Noticed a shining eye
   897 | D:1      | Reached XP level 3. HP: 21/21 MP: 7/7
   897 | D:1      | 897 ||| UPGRADING to +0 scale mail.
   907 | D:1      | 907 ||| DROPPING +0 ring mail.
  1323 | D:1      | 1323 ||| READING scroll labelled FUBRIESTIU.
  1324 | D:1      | 1324 ||| READING scroll labelled NINI BYDUZO.
  1325 | D:1      | 1325 ||| READING scroll labelled WEMEST IMETO.
  1329 | D:1      | 1329 ||| DRINKING 2 metallic inky potions.
  1357 | D:1      | 1357 ||| DROPPING potion of lignification.
  1358 | D:1      | 1358 ||| DROPPING scroll of blinking.
  1407 | D:2      | Reached skill level 4 in Axes
  1420 | D:2      | 1420 ||| Stepping ~*~*~tactically~*~*~ (stealth).
  1423 | D:2      | 1423 ||| Stepping ~*~*~tactically~*~*~ (stealth).
  1507 | D:2      | Reached XP level 4. HP: 25/26 MP: 8/8
  1678 | D:2      | 1678 ||| DROPPING +0 club.
  1820 | D:2      | Found Pexonaru's General Store.
  1828 | D:2      | 1828 ||| SHOPLISTING +0 vampiric whip (123 gold, have 78).
  1828 | D:2      | 1828 ||| SHOPLISTING 3 potions of haste (390 gold, have
                  | 78).
  1828 | D:2      | 1828 ||| SHOPLISTING potion of resistance (130 gold, have
                  | 78).
  1828 | D:2      | 1828 ||| SHOPLISTING ring of resist corrosion (260 gold,
                  | have 78).
  1828 | D:2      | 1828 ||| SHOPLISTING scroll of enchant weapon (97 gold,
                  | have 78).
  1828 | D:2      | 1828 ||| BUYING scroll of teleportation (39 gold).
  1828 | D:2      | Bought a scroll of teleportation for 39 gold pieces
  1886 | D:2      | 1886 ||| UPGRADING to +0 pair of gloves.
  1891 | D:2      | 1891 ||| READING scroll labelled LOG WAMULOBROU.
  1892 | D:2      | 1892 ||| DRINKING 2 puce potions.
  1909 | D:3      | 1909 ||| STAIRDANCE
  1917 | D:3      | 1917 ||| STAIRDANCE
  2115 | D:3      | Reached skill level 5 in Axes
  2470 | D:3      | 2470 ||| DROPPING +0 whip.
  2740 | D:3      | Found Ynaiprapt's Weapon Boutique.
  2750 | D:3      | HP: 6/26 [poisoned by a kobold]
  3039 | D:3      | 3039 ||| BUYING +0 flail (49 gold).
  3039 | D:3      | Bought a +0 flail for 49 gold pieces
  3039 | D:3      | 3039 ||| DROPPING +2 whip of venom.
  3142 | D:3      | 3142 ||| READING scroll labelled YGUEHE AMIARCHI.
  3143 | D:3      | 3143 ||| READING scroll labelled TOLULYWKAR.
  3199 | D:4      | 3199 ||| Stepping ~*~*~tactically~*~*~ (stealth).
  3208 | D:4      | Gained mutation: Your magical nature lets you fly swiftly
                  | and evasively. [Tengu growth]
  3208 | D:4      | Reached XP level 5. HP: 29/30 MP: 9/9
  3220 | D:4      | 3220 ||| DROPPING +0 flail.
  3350 | D:4      | Found a staircase to the Ecumenical Temple.
  3351 | D:4      | 3351 ||| PLANNING TEMPLE
  3359 | Temple   | Entered the Ecumenical Temple
  3366 | Temple   | Became a worshipper of Warmaster Okawaru
  3367 | Temple   | 3367 ||| READING 3 scrolls of teleportation.
  3368 | Temple   | 3368 ||| PLANNING D:1-11
  3568 | D:4      | 3568 ||| Stepping ~*~*~tactically~*~*~ (stealth).
  3569 | D:4      | 3569 ||| Stepping ~*~*~tactically~*~*~ (stealth).
  3577 | D:4      | Reached skill level 6 in Axes
  3614 | D:4      | 3614 ||| Stepping ~*~*~tactically~*~*~ (stealth).
  3620 | D:4      | HP: 7/28 [wight/+2 flail (6)]
  3621 | D:4      | HP: 3/26 [wight/+2 flail (1)]
  3622 | D:4      | 3622 ||| READING 2 scrolls of teleportation.
  3622 | D:4      | Slain by a wight

Levels and vault maps discovered:
D:1:      ebering_trefoil_twist, layout_loops_corners,
          hellmonk_ecumenical_altar_watching_god, minivault_4,
          minmay_misc_feat_doors
D:2:      layout_rooms, serial_shops, shop
D:3:      layout_basic, serial_shops, nicolae_shop_advertising_works
          [nicolae_subvault_shop_adworks], serial_curves, eino_curves_03,
          eino_curves_02, eino_curves_01, eino_curves_01,
          palyth_stone_intersect, nicolae_underground_beach
D:4:      layout_rooms, lemuel_temple_firewalk_b
Temple:   nicolae_temple_no_exploring_needed

Skill      XL: |  1  2  3  4  5 |
---------------+----------------+-----
Axes           | 3 4 5 6 |  6.3
Fighting       | |  2.0
Throwing       | |  1.0
Armour         | |  1.1
Dodging        | |  2.1
Spellcasting   | |  2.0
Translocations | |  2.4

Action                   |  1- 3 |  4- 6 || total
-------------------------+-------+-------++-------
Melee: War axe           |    68 |    80 ||   148
       Hand axe          |     7 |       ||     7
       Peck              |    13 |     4 ||    17
       Kick              |    14 |    23 ||    37
Throw: Boomerang         |     7 |    23 ||    30
  Use: Scroll            |     3 |     5 ||     8
       Potion            |     1 |     1 ||     2
Armor: Leather armour    |    16 |       ||    16
       Ring mail         |     6 |       ||     6
       Scale mail        |     9 |    38 ||    47
Dodge: Dodged            |    50 |    46 ||    96

Table legend:
 A = Non-vault XP
 B = Vault XP
 C = Vault XP percentage of total XP
 D = Non-vault monster count
 E = Vault monster count
 F = Vault count percentage of total count
                 A         B        C        D         E       F
            +---------+---------+-------+---------+---------+-------
      Total |     276 |       0 |   0.0 |      65 |       0 |   0.0
            +---------+---------+-------+---------+---------+-------
        D:1 |      44 |       0 |   0.0 |      24 |       0 |   0.0
        D:2 |      56 |       0 |   0.0 |      16 |       0 |   0.0
        D:3 |      40 |       0 |   0.0 |      18 |       0 |   0.0
        D:4 |     136 |       0 |   0.0 |       7 |       0 |   0.0
            +---------+---------+-------+---------+---------+-------
